[Event "44th Chess Olympiad Women 2022"]
[Site "Chennai"]
[Date "2022.07.31"]
[Round "3.19"]
[White "Belenkaya, Dina"]
[Black "Ortiz Verdezoto, Anahi"]
[Result "1-0"]
[WhiteElo "2256"]
[BlackElo "2046"]
[Annotator "RC"]
[PlyCount "89"]
[EventDate "2022.??.??"]
[TimeControl "60"]

1. e4 e5 2. Nf3 Nc6 3. d4 exd4 4. Nxd4 Nf6 5. Nxc6 bxc6 6.
Nc3 Bb4 7. Bd3 d5 8. exd5 O-O 9. O-O cxd5 10. Qf3 c6 11. Bg5 Bd6 12. Rab1 Be5 13. h3 h6 14. Bf4 Qd6 15. Bxe5 Qxe5 16. Na4 a5 17. Rfe1 Qd6 18. Qe3 Be6 19. Qc5 Qc7 20. Qd4 Nd7 21. Nc5 Nxc5 22. Qxc5 Rab8 23. a3 Rfd8 24. b4 axb4 25. axb4 Qb6 26. c3 d4 27. Qxb6 Rxb6 28. c4 Rdb8 29. b5 cxb5 30. cxb5 Rd8 31. Rb4 Rd5 32. Kf1 Bf5 33. Re8+ Kh7 34. Bc4 Rc5 35. Ke1 Kg6 36. Kd2 Kf6 37. Rd8 Be6 38. Bd3 Bf5 39. Bc4 Be6 40. Be2 Bd5 41. g3 Ke7 42. Rg8 Bc6 43.
Rc8 Kd6 44. Rxd4+ Rd5 45. Rxc6+ 1-0

[Event "44th Chess Olympiad Women 2022"]
[Site "Chennai"]
[Date "2022.07.31"]
[Round "3.19"]
[White "Heredia Serrano, Carla"]
[Black "Efroimski, Marsel"]
[Result "0-1"]
[WhiteElo "2090"]
[BlackElo "2456"]
[Annotator "RC"]
[PlyCount "108"]
[EventDate "2022.??.??"]
[TimeControl "60"]

1. e4 c5 2. Nf3 g6 3. c3 d5 4. Bb5+ Nc6 5. e5 Qb6 6. Bxc6+ bxc6 7. O-O Bg4 8.
d4 Bxf3 9. Qxf3 cxd4 10. cxd4 Qxd4 11. e6 fxe6 12. Bd2 Nf6 13. Bc3 Qh4 14. Qe2 Rd8 15. Nd2 Bg7 16. Nf3 Qe4 17. Qa6 Qc4 18. Qxc4 dxc4 19. Ng5 Rd6 20. Bb4 Nd5 21. Ba3 Nf4 22. Rfe1 Rd3 23. Rac1 Rxa3 24. bxa3 Nd3 25. Nxe6 Bf6 26. Kf1 Kf7 27. Nf4 Nxf4 28. Rxc4 Nd3 29. Rb1 Ne5 30. Ra4 Rd8 31. Ke2 c5 32. Rd1 Rb8 33. f4 Nc6 34. Rd2 Bc3 35. Rd3 Rb2+ 36. Kf3 Bd4 37. Ra6 Nd8 38. h3 Ne6 39. Rc6 Rxa2 40. g3 Bb2 41. Ke4 Bd4 42. Kd5 Re2 43.
Rc8 h5 44. Rb3 h4 45. gxh4 Nxf4+ 46. Kc4 Rc2+ 47. Kb5 e5 48. Kc6 Ke6 49. Rf8 Rb2 50. Rg3 Rb6+ 51. Kc7 Nd5+ 52. Kc8 Ne7+ 53. Kc7 e4 54. h5 Be5+ 0-1

[Event "44th Chess Olympiad Women 2022"]
[Site "Chennai"]
[Date "2022.07.31"]
[Round "3.19"]
[White "Levitan, Ronit"]
[Black "Miranda Vargas, Analia Karen"]
[Result "1-0"]
[WhiteElo "2084"]
[BlackElo "1723"]
[Annotator "NA RC"]
[PlyCount "85"]
[EventDate "2022.??.??"]
[TimeControl "60"]

1. e4 g6 2. d4 Bg7 3. Nf3 d6 4. Nc3 Nf6 5. h3 c5 6. Be3 Qa5 7. Qd2 O-O 8. Be2 a6 9. O-O Nc6 10. d5 Nb8 11. a4 Nbd7 12. Nh2 Qb4 13. f3 Nh5 14. Rfb1 Ng3 15.
Kf2 Nxe2 16. Qxe2 Nb6 17. a5 Nd7 18. Ra4 Bxc3 19. Rxb4 Bxb4 20. Ra1 c4 21. Qxc4 Bc5 22. Bxc5 Nxc5 23. Nf1 Bd7 24. Ne3 Rac8 25. Qd4 e6 26. dxe6 Bxe6 27. h4 Rc6 28. h5 Nd7 29. f4 Rfc8 30. b3 Nc5 31. Rh1 Re8 32. b4 Nd7 33. f5 Ba2 34. Ra1 Re5 35.
Rxa2 Nf6 36. Nd5 Nxe4+ 37. Kg1 Ng3 38. Qxe5 dxe5 39. Ne7+ Kg7 40. Nxc6 bxc6 41. c4 Ne4 42. b5 Nc5 43. bxc6 1-0

[Event "44th Chess Olympiad Women 2022"]
[Site "Chennai"]
[Date "2022.07.31"]
[Round "3.19"]
[White "Penafiel Mendoza, Josselyne"]
[Black "Lahav, Michal"]
[Result "0-1"]
[WhiteElo "1804"]
[BlackElo "2191"]
[Annotator "ChessBase"]
[PlyCount "64"]
[EventDate "2022.??.??"]
[TimeControl "60"]

1. d4 d5 2. c4 c6 3. cxd5 cxd5 4. Nc3 Nf6 5. Bf4 Nc6 6. e3 a6 7. Bd3 Bg4 8. Nge2 e6 9. f3 Bh5 10. O-O Be7 11. Rc1 O-O 12. Na4 Nd7 13.
Qb3 Nb4 14. Bb1 b5 15. Nc5 Nxc5 16. dxc5 Nc6 17. Rfd1 Rc8 18. Qa3 a5 19. Nd4 Nb4 20. Bd6 Bxd6 21. cxd6 Qb6 22. Rc3 Rc4 23. Rdc1 Rd8 24. b3 Rxc3 25. Rxc3 Bg6 26. Qc1 Bxb1 27. d7 Nxa2 28. Rc6 Qb7 29. Rc7 Qb8 30. Rc8 Nxc1 31. Rxb8 Rxb8 32. Nc6 Rf8 0-1

[Event "44th Chess Olympiad Women 2022"]
[Site "Chennai"]
[Date "2022.07.31"]
[Round "3.20"]
[White "Bulmaga, Irina"]
[Black "Zairbek kyzy, Begimai"]
[Result "0-1"]
[WhiteElo "2394"]
[BlackElo "1949"]
[Annotator "RC"]
[PlyCount "126"]
[EventDate "2022.??.??"]
[TimeControl "60"]

1. e4 c6 2. Nc3 d5 3. Nf3 Bg4 4. Be2 e6 5. h3 Bxf3 6. Bxf3 Nf6 7. e5 Nfd7 8. d4 c5 9. O-O cxd4 10. Nb5 Nc6 11. Nxd4 Ndxe5 12. Be2 Bc5 13. Be3 Qb6 14. c3 a5 15. b3 O-O 16. a3 Ng6 17. b4 axb4 18. axb4 Bxd4 19. cxd4 Qxb4 20. Rb1 Qe7 21. Rb5 Rfc8 22. Qd2 Qd7 23. Rfb1 Nd8 24. g3 Ra3 25. h4 Rac3 26. h5 Ne7 27. Bd3 Qd6 28. R5b3 Rxb3 29. Rxb3 e5 30. dxe5 Qxe5 31. h6 Qe6 32. Rb6 Rc6 33. Rb4 Nf5 34. Bxf5 Qxf5 35. hxg7 Kxg7 36. Qb2+ Kg8 37. Rf4 Qd3 38. Qe5 Ne6 39. Rg4+ Kf8 40. Qb8+ Ke7 41. Qxb7+ Rc7 42. Qb4+ Kd7 43.
Qa4+ Ke7 44. Rg8 Qc4 45. Qe8+ Kf6 46. Bb6 Rb7 47. Bd8+ Ke5 48. Kg2 Qe4+ 49. Kh2 Qc2 50. Kg2 f5 51. Rf8 Qe4+ 52. Kh2 d4 53. Rf6 Kd5 54. Ba5 Kd6 55. Qf8+ Ke5 56. f4+ Kd5 57. Rxf5+ Kc4 58. Qc8+ Kd3 59. Re5 Rb2+ 60. Kh3 Nxf4+ 61. Kg4 h5+ 62. Rxh5 Nxh5+ 63. Kxh5 Rb5+ 0-1

[Event "44th Chess Olympiad Women 2022"]
[Site "Chennai"]
[Date "2022.07.31"]
[Round "3.20"]
[White "Cosma, Elena-Luminita"]
[Black "Abaeva, Aiana"]
[Result "1-0"]
[WhiteElo "2248"]
[BlackElo "1595"]
[Annotator "RC"]
[PlyCount "78"]
[EventDate "2022.??.??"]
[TimeControl "60"]

1. Nf3 Nf6 2. c4 e6 3. g3 d5 4. Bg2 Be7 5. O-O O-O 6. d4 c6 7. Qc2 b6 8. Nbd2 Bb7 9. e4 Na6 10. a3 c5 11. cxd5 exd5 12. e5 Nd7 13.
Re1 Nc7 14. Nf1 Ne6 15. Ne3 Re8 16. Qd1 Nb8 17. b3 Nc6 18.
Bb2 a5 19. dxc5 d4 20. Nxd4 Nexd4 21. Bxd4 Nxd4 22. Bxb7 Bxc5 23.
Nc4 Ra7 24. Bg2 Rd7 25. Qb1 b5 26. Nxa5 Qxa5 27. b4 Qb6 28.
bxc5 Qxc5 29. Qb4 Rc7 30. Qxc5 Rxc5 31. Rab1 Rcxe5 32. Rxe5 Rxe5 33. Bf1 g6 34. Rb4 Nc2 35. Rxb5 Rxb5 36. Bxb5 f5 37. a4 Nd4 38. Bd7 Kf8 39. a5 Ke7 1-0

[Event "44th Chess Olympiad Women 2022"]
[Site "Chennai"]
[Date "2022.07.31"]
[Round "3.20"]
[White "Samaganova, Alexandra"]
[Black "Sandu, Mihaela"]
[Result "1/2-1/2"]
[WhiteElo "1864"]
[BlackElo "2297"]
[Annotator "RC"]
[PlyCount "94"]
[EventDate "2022.??.??"]
[TimeControl "60"]

1. c4 c5 2. Nf3 Nc6 3. Nc3 Nf6 4. g3 g6 5. Bg2 Bg7 6. O-O O-O 7. d3 d6 8. Ne1 a6 9. a3 Rb8 10. Rb1 Bg4 11. h3 Bd7 12. b4 Qc8 13.
b5 axb5 14. cxb5 Na5 15. Kh2 b6 16. Bd2 c4 17. d4 e5 18.
dxe5 dxe5 19. Bg5 Be6 20. Nc2 Rd8 21. Qe1 h6 22. Bxf6 Bxf6 23.
Nb4 Qd7 24. Ncd5 Bxd5 25. Nxd5 Qd6 26. Qc3 Bg7 27. Rfd1 Qc5 28. Ne3 Rd4 29. Qb4 Bf8 30. Qxc5 Bxc5 31. Ng4 Rbd8 32. Rdc1 Bxa3 33. Rc3 Bd6 34. Nxh6+ Kg7 35. Ng4 Rd2 36. Re1 f6 37. Ne3 Bb4 38. Rcc1 Ra2 39. Red1 Rxd1 40. Rxd1 Bd2 41. Nxc4 Nxc4 42. Bd5 Rb2 43. Bxc4 e4 44. Ra1 Ba5 45. Rd1 Bd2 46. Ra1 Ba5 47. Rd1 Bd2 1/2-1/2

[Event "44th Chess Olympiad Women 2022"]
[Site "Chennai"]
[Date "2022.07.31"]
[Round "3.20"]
[White "Sovetbekova, Nurai"]
[Black "Lehaci, Miruna-Daria"]
[Result "0-1"]
[WhiteElo "1693"]
[BlackElo "2193"]
[Annotator "RC"]
[PlyCount "108"]
[EventDate "2022.??.??"]
[TimeControl "60"]

1. d4 Nf6 2. c4 e6 3. g3 c5 4. d5 exd5 5. cxd5 d6 6. Bg2 g6 7. Nc3 Bg7 8. Nf3 O-O 9. O-O Re8 10. Bf4 Na6 11. Nd2 Nh5 12. Be3 Nc7 13. a4 b6 14. Nde4 f5 15.
Bg5 Qd7 16. Nd2 h6 17. Be3 Ba6 18. Bf3 Nf6 19. Qc2 Re7 20. b3 Rae8 21. Nc4 Ne4 22. Bxe4 fxe4 23. Rad1 g5 24. Bc1 Bc8 25. f4 exf3 26. exf3 Rf8 27. Ne4 Ne8 28. Bb2 Qd8 29. Bxg7 Rxg7 30. Qc3 Bf5 31. Ne3 Bh7 32. Ng4 h5 33. Ngf2 Qd7 34. Qe3 Qf5 35. Nd3 g4 36. Ne1 Qe5 37. Nd3 Qxd5 38. Ndxc5 Qe5 39. Nd3 Qe7 40. Rde1 d5 41. Nd2 Qxe3+ 42. Rxe3 d4 43. Rxe8 Rxe8 44. Nf4 Rg5 45. fxg4 hxg4 46. Nc4 Bc2 47. Nd6 Re7 48. Nc8 Rd7 49. Ne6 Rf5 50. Rxf5 Bxf5 51. Nxd4 Rxd4 52. Ne7+ Kh7 53. Nxf5 Rb4 54. Ne3 Kg6 0-1

[Event "44th Chess Olympiad Women 2022"]
[Site "Chennai"]
[Date "2022.07.31"]
[Round "3.21"]
[White "Ferrufino, Michelle"]
[Black "Janzelj, Lara"]
[Result "0-1"]
[WhiteElo "1811"]
[BlackElo "2215"]
[Annotator "RC"]
[PlyCount "102"]
[EventDate "2022.??.??"]
[TimeControl "60"]

1. e4 e5 2. Nf3 Nc6 3. d4 exd4 4. Bc4 Bc5 5. c3 Nf6 6. e5 d5 7. Bb5 Ne4 8. cxd4 Bb6 9. O-O O-O 10. Nc3 Bg4 11. Be3 Ne7 12. Bd3 f5 13. exf6 Nxf6 14. Be2 Nf5 15. Bg5 c6 16. Ne5 Bxe2 17. Nxe2 Qd6 18. Nf3 Rae8 19. Qd3 Ne4 20. Bf4 Qe6 21. Be5 Nfd6 22. a4 Nc4 23. b3 Nxe5 24. dxe5 Qg4 25. Nfd4 Nc5 26. Qc2 Rxe5 27. a5 Nxb3 28. Qxb3 Bxd4 29. Nxd4 Qxd4 30. Rad1 Qc5 31. Qxb7 Re2 32. Kh1 Rexf2 33. Rxf2 Qxf2 34. h3 Qc5 35. Re1 Qxa5 36. Re7 Qc3 37. Qc7 Qc1+ 38. Kh2 Qf4+ 39. Qxf4 Rxf4 40. Rxa7 Rf7 41. Ra8+ Rf8 42. Ra7 h5 43. Rc7 Rf6 44. Kg3 Kh7 45. Kh4 Kh6 46. g4 hxg4 47. hxg4 Rd6 48. Rc8 d4 49. Rh8+ Kg6 50. Kg3 d3 51. Rh1 d2 0-1

[Event "44th Chess Olympiad Women 2022"]
[Site "Chennai"]
[Date "2022.07.31"]
[Round "3.21"]
[White "Granados Ortiz, Maria Jose"]
[Black "Rozman, Monika"]
[Result "0-1"]
[WhiteElo "1753"]
[BlackElo "2104"]
[Annotator "NA RC"]
[PlyCount "98"]
[EventDate "2022.??.??"]
[TimeControl "60"]

1. e4 c5 2. Nf3 d6 3. d4 cxd4 4. Nxd4 Nf6 5. Nc3 a6 6. Bg5 e6 7. Qd2 Be7 8. O-O-O b5 9. f3 Bb7 10. g4 Nbd7 11. h4 Rc8 12. Be3 Nc5 13.
h5 b4 14. Nce2 d5 15. e5 Nfd7 16. Bf4 Qb6 17. Kb1 a5 18. Nc1 Ba6 19. Bxa6 Nxa6 20. g5 Nf8 21. Rdg1 a4 22. g6 hxg6 23. hxg6 Nxg6 24. Rxh8+ Nxh8 25. Rxg7 Ng6 26. Rg8+ Kd7 27. Rxc8 Kxc8 28. Bg3 Bc5 29. Nce2 Nc7 30. c3 Nb5 31. Nxb5 Qxb5 32. cxb4 Bxb4 33. Qc2+ Kb7 34. a3 Bxa3 35. Ka2 Bc5 36. b3 axb3+ 37. Qxb3 Kc6 38. Qxb5+ Kxb5 39. Kb3 Bf8 40. Nc1 Bh6 41. Nd3 Nf8 42. Kc3 Be3 43. Nf2 Nd7 44. Ng4 d4+ 45. Kc2 Kc4 46. f4 d3+ 47. Kd1 Kd4 48. Nh6 Nxe5 49. Ng8 Nc4 0-1

[Event "44th Chess Olympiad Women 2022"]
[Site "Chennai"]
[Date "2022.07.31"]
[Round "3.21"]
[White "Unuk, Laura"]
[Black "Granados Diaz, Maria Esther"]
[Result "1-0"]
[WhiteElo "2340"]
[BlackElo "1888"]
[Annotator "RC"]
[PlyCount "49"]
[EventDate "2022.??.??"]
[TimeControl "60"]

1. Nf3 Nf6 2. g3 d5 3. Bg2 c5 4. O-O Nc6 5. d4 e6 6. e3 Bd6 7. b3 O-O 8. Bb2 Ne4 9. Nbd2 Nxd2 10. Qxd2 b6 11. Rfd1 Bb7 12. dxc5 Bxc5 13. Qc3 f6 14. a3 Rc8 15. Qd2 Qe7 16. b4 Bd6 17. c4 Rfd8 18. cxd5 Bb8 19. e4 Kh8 20. Rac1 Qf7 21. dxe6 Rxd2 22. exf7 Rxb2 23. Nd4 g6 24. b5 Kg7 25. bxc6 1-0

[Event "44th Chess Olympiad Women 2022"]
[Site "Chennai"]
[Date "2022.07.31"]
[Round "3.21"]
[White "Vidic, Teja"]
[Black "Alvarez Gutierrez, Patricia"]
[Result "1-0"]
[WhiteElo "2099"]
[BlackElo "1715"]
[Annotator "NA"]
[PlyCount "97"]
[EventDate "2022.??.??"]
[TimeControl "60"]

1. e4 c6 2. Nc3 d5 3. Nf3 Bg4 4. h3 Bxf3 5. Qxf3 e6 6. Be2 Bc5 7. O-O Nd7 8. Qg3 Bd4 9. exd5 exd5 10. Nd1 Ne7 11. c3 Be5 12. f4 Bf6 13.
d4 Nf5 14. Qf3 h5 15. Bd3 Nd6 16. Nf2 Be7 17. Re1 Nf6 18. a4 Qd7 19. b4 h4 20. f5 Kf8 21. Bg5 Re8 22. Qf4 Nfe4 23. Bxe4 Bxg5 24. Qxg5 dxe4 25. f6 g6 26. Qf4 Qe6 27. Re3 Nf5 28. Rxe4 Qxf6 29. Rxe8+ Kxe8 30. Qb8+ Qd8 31. Re1+ Kd7 32. Qxb7+ Qc7 33.
Qxc7+ Kxc7 34. a5 Kd8 35. Nd3 Re8 36. Rxe8+ Kxe8 37. Ne5 Ng3 38. Nxc6 Ne2+ 39. Kf2 Nxc3 40. Nxa7 Kd7 41. b5 Kc7 42. b6+ Kb7 43. Ke3 Nd5+ 44. Ke4 Ne7 45. d5 f5+ 46. Ke5 Nxd5 47. Kxd5 g5 48. Ke5 f4 49. Ke4 1-0

[Event "44th Chess Olympiad Women 2022"]
[Site "Chennai"]
[Date "2022.07.31"]
[Round "3.22"]
[White "Borda Rodas, Anapaola S."]
[Black "Selkirk, Rebecca"]
[Result "1-0"]
[WhiteElo "2183"]
[BlackElo "1745"]
[Annotator "RC"]
[PlyCount "87"]
[EventDate "2022.??.??"]
[TimeControl "60"]

1. e4 c5 2. Nf3 e6 3. g3 a6 4. Bg2 Nc6 5. O-O Qc7 6. Re1 d6 7. c3 e5 8. h3 g5 9. Nxg5 h6 10. Nf3 Bg7 11. d3 Nge7 12. Be3 f5 13. Nh4 Be6 14. exf5 Nxf5 15. Nxf5 Bxf5 16. Qh5+ Qf7 17. Qxf7+ Kxf7 18. Rd1 Rac8 19. a4 h5 20. Na3 Be6 21. Nc4 Rhd8 22. Nb6 Rc7 23. Nd5 Rcc8 24. f4 Rg8 25. Rf1 Ke8 26. f5 Bf7 27. g4 hxg4 28. hxg4 e4 29. Bxe4 Ne5 30. g5 Nxd3 31. Nb6 Rc6 32. Bxc6+ bxc6 33. Rad1 c4 34. Rd2 Be5 35. Rg2 Ke7 36. g6 Be8 37. Bg5+ Bf6 38. Re2+ Ne5 39. Nc8+ Kd7 40. Bxf6 Ng4 41. Nb6+ Kc7 42. Bd4 c5 43. Nd5+ Kb8 44. Ne7 1-0

[Event "44th Chess Olympiad Women 2022"]
[Site "Chennai"]
[Date "2022.07.31"]
[Round "3.22"]
[White "Bouah, Denise"]
[Black "Sarquis, Maria Belen"]
[Result "0-1"]
[WhiteElo "1736"]
[BlackElo "2072"]
[Annotator "NA"]
[PlyCount "80"]
[EventDate "2022.??.??"]
[TimeControl "60"]

1. e4 e5 2. Nf3 Nc6 3. Bb5 a6 4. Ba4 Nf6 5. d3 d6 6. c3 g6 7. Nbd2 Bg7 8. O-O O-O 9. Re1 Bd7 10. Nf1 Qe8 11. Bc2 Kh8 12. Ng3 Ng8 13.
d4 Bg4 14. d5 Nce7 15. h3 Bd7 16. Nh2 f5 17. exf5 Nxf5 18. Ne4 Nf6 19. Ng4 Nxe4 20. Bxe4 Qf7 21. Qc2 c6 22. Rd1 c5 23. Ne3 b5 24. Qe2 a5 25. b3 a4 26. Rb1 b4 27. Bxf5 Bxf5 28. Nxf5 Qxf5 29. Rb2 bxc3 30. Rc2 axb3 31. axb3 e4 32. Re1 Qxd5 33. Qxe4 Qxe4 34. Rxe4 d5 35. Re7 d4 36. Rxg7 Kxg7 37. Kf1 Rfe8 38. f3 Ra1 39. Kf2 Rb1 40. Ba3 d3 0-1

[Event "44th Chess Olympiad Women 2022"]
[Site "Chennai"]
[Date "2022.07.31"]
[Round "3.22"]
[White "Van Zyl, Charlize"]
[Black "Campos, Maria Jose"]
[Result "0-1"]
[WhiteElo "1704"]
[BlackElo "2185"]
[Annotator "RC"]
[PlyCount "118"]
[EventDate "2022.??.??"]
[TimeControl "60"]

1. d4 Nf6 2. Nf3 e6 3. g3 b5 4. Bg2 Bb7 5. O-O c5 6. a4 a6 7. axb5 axb5 8. Rxa8 Bxa8 9. dxc5 Bxc5 10. Nc3 Qb6 11. Qd3 Ng4 12. e3 Bxf3 13. Bxf3 Ne5 14. Qe2 Nxf3+ 15. Qxf3 O-O 16. e4 Nc6 17. Qd3 Rb8 18. Bf4 Rb7 19. h4 f6 20. Kg2 Qa5 21. h5 b4 22. Ne2 Bf8 23.
h6 g5 24. Bd6 Ne5 25. Bxe5 Qxe5 26. f4 Qb5 27. Qf3 Rc7 28. c3 bxc3 29. bxc3 Bxh6 30. Qh5 Qd3 31. Kf2 Bf8 32. fxg5 Rc5 33. Qf3 Qxf3+ 34. Kxf3 Rxg5 35. Rd1 d6 36. Nd4 Kf7 37. Ra1 Rc5 38. Ra7+ Be7 39. Ne2 h5 40. Rb7 e5 41. Ke3 Ke6 42. Kd3 d5 43. Rb1 dxe4+ 44. Kxe4 f5+ 45. Kf3 Kf6 46. Rb8 Rd5 47. Rh8 Rd3+ 48. Kg2 Rd2 49. Kf2 Rd1 50. Rxh5 Bc5+ 51. Kg2 Re1 52. Nd4 exd4 53. cxd4 Bxd4 54. Kf3 Rf1+ 55. Kg2 Rf2+ 56. Kh3 Ra2 57. g4 Ra3+ 58. Kg2 fxg4 59. Rb5 Be5 0-1

[Event "44th Chess Olympiad Women 2022"]
[Site "Chennai"]
[Date "2022.07.31"]
[Round "3.22"]
[White "Zuriel, Marisa"]
[Black "February, Jesse Nikki"]
[Result "1-0"]
[WhiteElo "2174"]
[BlackElo "1872"]
[Annotator "RC"]
[PlyCount "99"]
[EventDate "2022.??.??"]
[TimeControl "60"]

1. e4 e6 2. d4 d5 3. Nc3 Nf6 4. Bg5 Be7 5. e5 Nfd7 6. Bxe7 Qxe7 7. f4 a6 8. Nf3 c5 9. Qd2 Nc6 10. dxc5 Qxc5 11. Bd3 b5 12. Ne2 Bb7 13. c3 b4 14. Ned4 bxc3 15. bxc3 Rc8 16. O-O Na5 17. Rac1 Nc4 18. Qf2 Qe7 19. Qg3 g6 20. Ng5 Nc5 21. Bxc4 dxc4 22. Qh3 h6 23. Rb1 Bd5 24. Rb6 Kf8 25. Ngf3 Qc7 26. Rbb1 Be4 27. Rbd1 Rb8 28. Nd2 Bd3 29. Rfe1 Rb2 30. a3 Kg7 31. Qh4 Rd8 32. Re3 Rxd4 33. cxd4 c3 34. dxc5 Bc2 35. Rxc3 Bxd1 36. Ne4 Qb7 37. Nf2 Rb1 38. h3 Bf3+ 39. Kh2 Bxg2 40. f5 exf5 41. Qf6+ Kg8 42. Rd3 Bd5 43. Qd8+ Kg7 44. Qxd5 Qb2 45. Qd4 Qe2 46. e6+ Kh7 47. exf7 Rb8 48. Qe3 Qf1 49. f8=Q Rxf8 50. Rd7+ 1-0

[Event "44th Chess Olympiad Women 2022"]
[Site "Chennai"]
[Date "2022.07.31"]
[Round "3.23"]
[White "A-ALI, Sali Abbas Abdulzah"]
[Black "Onur, Cigdem"]
[Result "0-1"]
[WhiteElo "1864"]
[BlackElo "2000"]
[Annotator "NA"]
[PlyCount "80"]
[EventDate "2022.??.??"]
[TimeControl "60"]

1. e4 c5 2. Nf3 Nc6 3. d4 cxd4 4. Nxd4 Nf6 5. Nc3 e5 6.
Ndb5 d6 7. Bg5 a6 8. Bxf6 gxf6 9. Na3 b5 10. Nd5 f5 11. exf5 Bxf5 12. c3 Bg7 13. Bd3 Be6 14. Be4 O-O 15. Nb4 Nxb4 16. Bxa8 Qxa8 17. cxb4 Qxg2 18. Rf1 Bh3 19. Qe2 Qxf1+ 20. Qxf1 Bxf1 21. Kxf1 Rc8 22. Rd1 Rc6 23. Ke2 f5 24. Rd2 Kf7 25. Rc2 Rxc2+ 26. Nxc2 Ke6 27. b3 d5 28. a4 bxa4 29. bxa4 d4 30. Ne1 Kd5 31. Nd3 Bf8 32. b5 axb5 33.
axb5 Bd6 34. Ne1 e4 35. h3 Kc5 36. Ng2 f4 37. f3 d3+ 38.
Ke1 e3 39. Nh4 Kxb5 40. Nf5 Bb4+ 0-1

[Event "44th Chess Olympiad Women 2022"]
[Site "Chennai"]
[Date "2022.07.31"]
[Round "3.23"]
[White "Al-Fayyadh, Zainab Asif Abdulah"]
[Black "Aydin, Gulenay"]
[Result "1/2-1/2"]
[WhiteElo "1749"]
[BlackElo "2100"]
[Annotator "NA RC"]
[PlyCount "120"]
[EventDate "2022.??.??"]
[TimeControl "60"]

1. e4 c6 2. d4 d5 3. exd5 cxd5 4. Bd3 Nc6 5. c3 g6 6. Nf3 Bf5 7. O-O Bxd3 8. Qxd3 Bg7 9. Bf4 Nf6 10. Nbd2 O-O 11. Qb5 Qd7 12. Rfe1 Rfe8 13. Qb3 Rad8 14. Ne5 Qc8 15. Ndf3 Nh5 16. Nxc6 bxc6 17. Be3 Bf6 18. Ne5 Bxe5 19. dxe5 Qd7 20. Qa4 Ra8 21. Qh4 Ng7 22. g4 Rab8 23. b3 Rbc8 24. b4 h5 25. h3 a5 26. a3 axb4 27. axb4 Ra8 28.
Bd4 Rxa1 29. Rxa1 Qe6 30. f4 Qd7 31. Ra7 Qc8 32. Rxe7 Rxe7 33. Qxe7 hxg4 34. Qf6 Qe6 35. Qd8+ Ne8 36. h4 Kh7 37. Qg5 Ng7 38.
Kf2 Nh5 39. Bc5 g3+ 40. Kg2 d4 41. Bxd4 Qd5+ 42. Kg1 Qf3 43.
f5 Qd1+ 44. Kg2 Qe2+ 45. Kg1 Qh2+ 46. Kf1 Qh1+ 47. Ke2 Qg2+ 48. Kd3 Qf1+ 49. Kd2 Qg2+ 50. Ke1 Qe4+ 51. Kf1 Qf3+ 52. Ke1 Qe4+ 53. Kf1 Qb1+ 54. Ke2 Qc2+ 55. Ke1 Qe4+ 56. Kf1 Qf3+ 57. Ke1 Qh1+ 58. Ke2 Qg2+ 59. Ke1 Qe4+ 60. Kf1 Qf3+ 1/2-1/2

[Event "44th Chess Olympiad Women 2022"]
[Site "Chennai"]
[Date "2022.07.31"]
[Round "3.23"]
[White "Kocyigit, Buse Naz"]
[Black "Al-Fayyadh, Yamama Asif Abdula"]
[Result "1/2-1/2"]
[WhiteElo "1991"]
[BlackElo "1666"]
[Annotator "NA RC"]
[PlyCount "77"]
[EventDate "2022.??.??"]
[TimeControl "60"]

1. d4 d5 2. Nf3 Nf6 3. c4 e6 4. Nc3 Be7 5. Bg5 O-O 6. e3 b6 7. Rc1 Bb7 8. Bd3 Nbd7 9. O-O c5 10. Qe2 Rc8 11. cxd5 Nxd5 12. Bxe7 Qxe7 13. Ba6 Bxa6 14. Qxa6 Nb4 15. Qa4 Nd3 16. Rc2 cxd4 17. exd4 Nf6 18. Qb5 Nb4 19. Re2 Rfd8 20. Rd1 Nbd5 21. Ne4
Nxe4 22. Rxe4 Rc2 23. a3 Qc7 24. Ne5 Nf6 25. Ree1 Rc8 26. h3 Nd5 27. Re4 Qd8 28. Re2 Rxe2 29. Qxe2 Qf6 30. Qe4 Qg5 31. Re1 Qd2 32. Re2 Rc1+ 33. Kh2 Qf4+ 34. Qxf4 Nxf4 35. Rd2 f6 36. Ng4 Kf7 37. Kg3 Nd5 38. Kf3 Ke7 39. Ne3 1/2-1/2

[Event "44th Chess Olympiad Women 2022"]
[Site "Chennai"]
[Date "2022.07.31"]
[Round "3.23"]
[White "Okuyaz, Duru"]
[Black "Sara Masood Abdullah"]
[Result "1-0"]
[WhiteElo "2090"]
[BlackElo "1677"]
[Annotator "NA RC"]
[PlyCount "79"]
[EventDate "2022.??.??"]
[TimeControl "60"]

1. e4 e6 2. d3 d5 3. Nd2 Nf6 4. Ngf3 c5 5. g3 Nc6 6. Bg2 Be7 7. O-O O-O 8. e5 Nd7 9. Re1 Qc7 10. Qe2 b5 11. Nf1 Bb7 12. Bf4 Rac8 13.
h4 c4 14. d4 b4 15. Ne3 Qb6 16. c3 a5 17. Ng5 Bxg5 18. Bxg5 Nd8 19. Ng4 a4 20. a3 bxc3 21. bxc3 Bc6 22. Rab1 Qa7 23. h5 Rb8 24. h6 Rxb1 25. Rxb1 f6 26. hxg7 fxg5 27. gxf8=Q+ Nxf8 28.
Nf6+ Kg7 29. Qf3 Nf7 30. Nh5+ Kg8 31. Qf6 Nh8 32. Rb8 Qf7 33. Rxf8+ Kxf8 34. Qxh8+ Ke7 35. Nf6 Qg6 36. Qb8 Be8 37. Qc7+ Kf8 38. Nxh7+ Kg8 39. Nf6+ Kh8 40. Qd8 1-0

[Event "44th Chess Olympiad Women 2022"]
[Site "Chennai"]
[Date "2022.07.31"]
[Round "3.24"]
[White "Baginskaite, Kamile"]
[Black "Ahmad Murad, Fatema Alzahraa."]
[Result "1-0"]
[WhiteElo "2134"]
[BlackElo "1791"]
[Annotator "NA RC"]
[PlyCount "50"]
[EventDate "2022.??.??"]
[TimeControl "60"]

1. d4 d5 2. c4 e6 3. Nc3 Nf6 4. cxd5 exd5 5. Bg5 c6 6. e3 Be7 7. Bd3 Ne4 8. Bxe7 Qxe7 9. Bxe4 dxe4 10. Nge2 Nd7 11. Ng3 Nf6 12. Qc2 O-O 13. Ngxe4 Re8 14. Nxf6+ Qxf6 15. O-O Qg5 16. e4 Be6 17. f4 Qa5 18. f5 Bc4 19. Rfe1 Rad8 20. b3 Ba6 21. Rad1 Rd7 22. e5 Qd8 23. Qf2 b6 24. f6 gxf6 25. Ne4 Bc8 1-0

[Event "44th Chess Olympiad Women 2022"]
[Site "Chennai"]
[Date "2022.07.31"]
[Round "3.24"]
[White "Bofroud, Naya"]
[Black "Simkunaite, Gabija"]
[Result "0-1"]
[WhiteElo "1660"]
[BlackElo "2010"]
[Annotator "NA"]
[PlyCount "82"]
[EventDate "2022.??.??"]
[TimeControl "60"]

1. d4 d5 2. c4 e6 3. Nf3 Nf6 4. Nc3 a6 5. Bg5 dxc4 6. a4 Nbd7 7. e3 c5 8.
Bxc4 cxd4 9. exd4 Qc7 10. Qe2 Bb4 11. Bd2 O-O 12. O-O Nb6 13.
Bb3 Qe7 14. Rfd1 Rd8 15. Bg5 Bxc3 16. bxc3 h6 17. Bh4 Bd7 18. a5 Nc8 19. Ne5 Nd6 20. f3 Nf5 21. Bf2 Nd5 22. Rac1 Nf4 23.
Qe4 Qg5 24. g3 Nh3+ 25. Kf1 Qe7 26. Bc2 Ng5 27. Qd3 g6 28.
Kg2 Rac8 29. Nxd7 Rxd7 30. c4 Qb4 31. Qd2 Qxd2 32. Rxd2 Rxc4 33. Rcd1 Nd6 34. h4 Nh7 35. Bb3 Rb4 36. Bc2 Nc4 37. Re2 Nf6 38.
Be1 Rb2 39. Rd3 Nd5 40. Bf2 Nxa5 41. Red2 Nc4 0-1

[Event "44th Chess Olympiad Women 2022"]
[Site "Chennai"]
[Date "2022.07.31"]
[Round "3.24"]
[White "Mahmoud, Roula"]
[Black "Zaksaite, Salomeja"]
[Result "0-1"]
[WhiteElo "1765"]
[BlackElo "2212"]
[Annotator "RC"]
[PlyCount "72"]
[EventDate "2022.??.??"]
[TimeControl "60"]

1. e4 c5 2. Nf3 Nc6 3. g3 g6 4. Bg2 Bg7 5. O-O e5 6. Nc3 Nge7 7. Re1 O-O 8. Nd5 d6 9. d3 h6 10. c3 Be6 11. Nh4 Kh7 12. Be3 f5 13.
f4 fxe4 14. dxe4 exf4 15. gxf4 Qd7 16. Qc2 Rae8 17. Rad1 Bg4 18. Rd2 Nxd5 19. Rxd5 Ne7 20. Rd2 Qe6 21. Nf3 Nc6 22. e5 Bxf3 23. Bxf3 Nxe5 24. fxe5 Rxf3 25. Rxd6 Qg4+ 26. Kh1 Bxe5 27. Rg1 Qxg1+ 28. Bxg1 Bxd6 29. Qa4 Re7 30. Kg2 Rf4 31. Qd1 Rf6 32. Qd5 b6 33. b4 cxb4 34. Bd4 Re2+ 35. Kh1 Rf1+ 36. Bg1 Rxh2# 0-1

[Event "44th Chess Olympiad Women 2022"]
[Site "Chennai"]
[Date "2022.07.31"]
[Round "3.24"]
[White "Sibajeva, Marija"]
[Black "Khalil, Manar"]
[Result "1/2-1/2"]
[WhiteElo "2032"]
[BlackElo "1831"]
[Annotator "NA RC"]
[PlyCount "123"]
[EventDate "2022.??.??"]
[TimeControl "60"]

1. e4 c5 2. Nf3 Nc6 3. Bb5 e6 4. O-O Nge7 5. Re1 a6 6. Bf1 Ng6 7. c3 d6 8. d4 cxd4 9. cxd4 Be7 10.
Nc3 O-O 11. d5 Nce5 12. Nd4 Bg5 13. g3 Bxc1 14. Rxc1 Qg5 15. Bg2 Nc4 16. Qb3 b5 17. a4 Qd2 18. Nc2 Nge5 19. Red1 Qh6 20. axb5 Nd2 21. Rxd2 Qxd2 22. Rd1 Qh6 23. f4 Nd7 24. dxe6 Qxe6 25. Qxe6 fxe6 26. e5 Rb8 27. Rxd6 axb5 28. Nd4 Rb6 29. Rxe6 b4 30. Nd5 Rb8 31. Rd6 Nc5 32. Nc6 Ra8 33. Ndxb4 Ra1+ 34. Kf2 Rb1 35. Rd2 Be6 36. Rc2 Na4 37. Nd4 Rb8 38. Ndc6 Rb6 39. Ne7+ Kf7 40. Ned5 Rb8 41. b3 Rxb3 42. Rc7+ Kf8 43. Rc6 Rb2+ 44. Nc2 Rd8 45. Nde3 Bd7 46. Rd6 Nc5 47. Rd2 Rc8 48. Ke1 Bb5 49. Bf1 Ne4 50. Rd4 Rb1+ 51. Rd1 Rxd1+ 52. Kxd1 Rd8+ 53. Ke1 Bxf1 54. Nxf1 Ke7 55. Nce3 Ke6 56. Ke2 g6 57. Kf3 Nd2+ 58. Nxd2 Rxd2 59. h3 Rh2 60. Ng4 Ra2 61. Nf6 h5 62. Ne4 1/2-1/2